AoeStats
← M1GSimoBellecose

Scandinavia

510620455Analyzed
1v1 RM · 1d ago on Oct 1, 2026· 21m 28s· 2 players
Game mode
Random Map
Map size
Tiny (2 player)
Population
200
Speed
Normal
Resources
Standard
Victory
Conquest
Starting age
Dark Age
Ending age
Imperial Age
RankedLock teamsTeams togetherTeam positionsShared explorationLock speedFull tech treeHidden civsTurbo modeCheats
Victory
Defeat
🇧🇷 Khmer · Brazil
228
+8
🇮🇹 Romans · Italy
23
-8
M1GSimoBellecose
6:08 Loom
10:26 Feudal Age
11:50 Wheelbarrow
16:08 Wheelbarrow
15:48 Horse Collar
16:07 Double-Bit Axe
16:41 Forging
16:41 Scale Barding Armor
16:44 Town Watch
16:56 Gold Mining
19:20 Stone Mining
Lucca1988Sz
1:44 Loom
9:06 Feudal Age
12:05 Double-Bit Axe
17:48 Bloodlines
Connection lost

Rejoining the realm…

Still unreachable

The connection could not be restored.

Session expired

The server has moved on; the page needs a fresh start.